TOP OF THE 1ST |
Gainesville Guidos batting - Pitching for New Hampshire Fisher Cats : LHP Kent Robinson
|
Pitching: LHP Kent Robinson
|
|
Batting: RHB Noriyori Ine
|
0-0: Swinging Strike 0-1: Swinging Strike 0-2: Strikes out swinging
|
Batting: RHB Victor Andrews
|
0-0: Called Strike 0-1: Swinging Strike 0-2: Ball 1-2: Fly out, F8 (Line Drive, 8LM)
|
Batting: RHB Satoru Daikawa
|
0-0: Ball 1-0: Ball 2-0: Called Strike 2-1: Ground out 5-3 (Groundball, 56)
|
Top of the 1st over - 0 run(s), 0 hit(s), 0 error(s), 0 left on base; Gainesville 0 - New Hampshire 0 |
BOTTOM OF THE 1ST |
New Hampshire Fisher Cats batting - Pitching for Gainesville Guidos : RHP Dave Riley
|
Pitching: RHP Dave Riley
|
|
Batting: RHB Matt Silver
|
0-0: Called Strike 0-1: Foul Ball, location: 2F 0-2: Strikes out swinging
|
Batting: RHB Anthony Hezell
|
0-0: Ball 1-0: Foul Ball, location: 2F 1-1: Ground out U3 (Groundball, 3S)
|
Batting: LHB Sam Barnes
|
0-0: Ball 1-0: Ball 2-0: Called Strike 2-1: Ball 3-1: Foul Ball, location: 2F 3-2: Ground out U3 (Groundball, 3S)
|
Bottom of the 1st over - 0 run(s), 0 hit(s), 0 error(s), 0 left on base; Gainesville 0 - New Hampshire 0 |
TOP OF THE 2ND |
Gainesville Guidos batting - Pitching for New Hampshire Fisher Cats : LHP Kent Robinson
|
Batting: LHB Ed Hart
|
0-0: Foul Ball, location: 2F 0-1: Ball 1-1: Ball 2-1: DOUBLE (Line Drive, 7LM)
|
Batting: RHB Jason Saunders
|
0-0: Ball 1-0: Called Strike 1-1: Foul Ball, location: 2F 1-2: DOUBLE (Groundball, 3L) Ed Hart scores
|
Batting: LHB António Cedeño
|
0-0: Ball 1-0: Ball 2-0: Ball 3-0: Base on Balls
|
Batting: LHB David Murphy
|
0-0: Called Strike 0-1: Foul Ball, location: 2F 0-2: Ball 1-2: Ball 2-2: Strikes out swinging
|
Batting: LHB António Hernández
|
0-0: Ball Jason Saunders is caught stealing 3rd base António Cedeño to second 1-0: Ground out 6-3 (Groundball, 6)
|
Top of the 2nd over - 1 run(s), 2 hit(s), 0 error(s), 1 left on base; Gainesville 1 - New Hampshire 0 |
BOTTOM OF THE 2ND |
New Hampshire Fisher Cats batting - Pitching for Gainesville Guidos : RHP Dave Riley
|
Batting: RHB Lu-fang Huie
|
0-0: Ball 1-0: Foul Ball, location: 2F 1-1: Foul Ball, location: 2F 1-2: Strikes out swinging
|
Batting: RHB Keith Ford
|
0-0: Ball 1-0: Ground out 5-3 (Groundball, 5)
|
Batting: RHB Phil Matthews
|
0-0: Ball 1-0: Ball 2-0: Called Strike 2-1: TRIPLE (Flyball, 8LXD)
|
Batting: RHB Billy Campbell
|
0-0: Fly out, F9 (Flyball, 89M)
|
Bottom of the 2nd over - 0 run(s), 1 hit(s), 0 error(s), 1 left on base; Gainesville 1 - New Hampshire 0 |
TOP OF THE 3RD |
Gainesville Guidos batting - Pitching for New Hampshire Fisher Cats : LHP Kent Robinson
|
Batting: RHB Iván Moreno
|
0-0: Ball 1-0: SINGLE (Groundball, 56)
|
Batting: RHB Noriyori Ine
|
0-0: Ball 1-0: Grounds into double play, 6-4-3 (Groundball, 6)
|
Batting: RHB Victor Andrews
|
0-0: Ball 1-0: Ball 2-0: Called Strike 2-1: Called Strike 2-2: Ball 3-2: SINGLE (Line Drive, 6D)
|
Batting: RHB Satoru Daikawa
|
0-0: Ball 1-0: Ball 2-0: Ball 3-0: Called Strike 3-1: Base on Balls Victor Andrews to second
|
Batting: LHB Ed Hart
|
0-0: Called Strike 0-1: DOUBLE (Popup, 7LS) Victor Andrews scores Satoru Daikawa to third
|
Batting: RHB Jason Saunders
|
0-0: Swinging Strike 0-1: Swinging Strike 0-2: SINGLE (Popup, 4) Satoru Daikawa scores Ed Hart to third Runner from 3rd tries for Home, SAFE, throw made home Jason Saunders to second
|
Batting: LHB António Cedeño
|
0-0: Ball 1-0: Ball 2-0: Ball 3-0: Swinging Strike 3-1: Foul Ball, location: 2F 3-2: Strikes out swinging
|
Top of the 3rd over - 3 run(s), 4 hit(s), 0 error(s), 1 left on base; Gainesville 4 - New Hampshire 0 |
BOTTOM OF THE 3RD |
New Hampshire Fisher Cats batting - Pitching for Gainesville Guidos : RHP Dave Riley
|
Batting: RHB José Hernández
|
0-0: Called Strike 0-1: Ball 1-1: Called Strike 1-2: Fly out, F7 (Flyball, 7S)
|
Batting: RHB Tony Reyes
|
0-0: Ball 1-0: SINGLE (Groundball, 6M)
|
Batting: RHB Matt Silver
|
0-0: Swinging Strike 0-1: Ball 1-1: Swinging Strike 1-2: Foul Ball, location: 2F 1-2: Strikes out swinging
|
Batting: RHB Anthony Hezell
|
0-0: Ball 1-0: Ball 2-0: SINGLE (Line Drive, 78S) Tony Reyes to second
|
Batting: LHB Sam Barnes
|
0-0: Called Strike 0-1: Ball 1-1: 3-RUN HOME RUN (Flyball, 9LD), Distance : 373 ft
|
Batting: RHB Lu-fang Huie
|
0-0: Ground out 6-3 (Groundball, 6M)
|
Bottom of the 3rd over - 3 run(s), 3 hit(s), 0 error(s), 0 left on base; Gainesville 4 - New Hampshire 3 |
TOP OF THE 4TH |
Gainesville Guidos batting - Pitching for New Hampshire Fisher Cats : LHP Kent Robinson
|
Batting: LHB David Murphy
|
0-0: Called Strike 0-1: Foul Ball, location: 2F 0-2: Ball 1-2: Strikes out swinging
|
Batting: LHB António Hernández
|
0-0: Called Strike 0-1: Ball 1-1: Ball 2-1: Ball 3-1: Base on Balls
|
Batting: RHB Iván Moreno
|
0-0: Ball 1-0: Foul Ball, location: 2F 1-1: Swinging Strike 1-2: Hit by Pitch António Hernández to second
|
Batting: RHB Noriyori Ine
|
0-0: Foul Ball, location: 2F 0-1: Hit by Pitch António Hernández to third Iván Moreno to second
|
Batting: RHB Victor Andrews
|
0-0: Ball 1-0: Called Strike 1-1: Fly out, F7 (Flyball, 8LM) Runner from 3rd tags up, SCORES, no throw
|
Batting: RHB Satoru Daikawa
|
0-0: Ground out 6-3 (Groundball, 56D)
|
Top of the 4th over - 1 run(s), 0 hit(s), 0 error(s), 2 left on base; Gainesville 5 - New Hampshire 3 |
BOTTOM OF THE 4TH |
New Hampshire Fisher Cats batting - Pitching for Gainesville Guidos : RHP Dave Riley
|
Batting: RHB Keith Ford
|
0-0: Ball 1-0: Ball 2-0: Ball 3-0: Foul Ball, location: 2F 3-1: Swinging Strike 3-2: Base on Balls
|
Batting: RHB Phil Matthews
|
0-0: Foul Ball, location: 2F 0-1: Ball 1-1: Ball 2-1: Ball 3-1: Base on Balls Keith Ford to second
|
Batting: RHB Billy Campbell
|
0-0: Ball 1-0: DOUBLE (Flyball, 9D) Keith Ford scores Phil Matthews to third Runner from 3rd tries for Home, SAFE, no throw or cutoff
|
Batting: RHB José Hernández
|
0-0: Ball 1-0: Ball 2-0: Foul Ball, location: 2F 2-1: Ground out 6-3 (Groundball, 6)
|
Batting: RHB Tony Reyes
|
0-0: Called Strike 0-1: Foul Ball, location: 2F 0-2: SINGLE (Groundball, 56S) (infield hit) Billy Campbell to third
|
Batting: RHB Matt Silver
|
0-0: Ball 1-0: Grounds into double play, 6-4-3 (Groundball, 6)
|
Bottom of the 4th over - 2 run(s), 2 hit(s), 0 error(s), 1 left on base; Gainesville 5 - New Hampshire 5 |
TOP OF THE 5TH |
Gainesville Guidos batting - Pitching for New Hampshire Fisher Cats : LHP Kent Robinson
|
Batting: LHB Ed Hart
|
0-0: SINGLE (Line Drive, 6D)
|
Batting: RHB Jason Saunders
|
0-0: Called Strike 0-1: Ball 1-1: Swinging Strike 1-2: Grounds into double play, 4-6-3 (Groundball, 4)
|
Batting: LHB António Cedeño
|
0-0: Called Strike 0-1: Foul Ball, location: 2F 0-2: Strikes out swinging
|
Top of the 5th over - 0 run(s), 1 hit(s), 0 error(s), 0 left on base; Gainesville 5 - New Hampshire 5 |
BOTTOM OF THE 5TH |
New Hampshire Fisher Cats batting - Pitching for Gainesville Guidos : RHP Dave Riley
|
Batting: RHB Anthony Hezell
|
0-0: Ball 1-0: Ball 2-0: Foul Ball, location: 2F 2-1: Called Strike 2-2: Ball 3-2: Foul Ball, location: 2F 3-2: Foul Ball, location: 2F 3-2: Ground out 5-3 (Groundball, 56)
|
Batting: LHB Sam Barnes
|
0-0: Foul Ball, location: 2F 0-1: Ball 1-1: Called Strike 1-2: Foul Ball, location: 2F 1-2: SINGLE (Flyball, 89S) - OUT at second base trying to stretch hit.
|
Batting: RHB Lu-fang Huie
|
0-0: Ball 1-0: Called Strike 1-1: Ball 2-1: Called Strike 2-2: Ball 3-2: Base on Balls
|
Pitching: LHP Mike Scott
|
|
Batting: RHB Keith Ford
|
0-0: Called Strike 0-1: Foul Ball, location: 2F 0-2: Ball 1-2: Ground out 1-3 (Groundball, 15S)
|
Bottom of the 5th over - 0 run(s), 1 hit(s), 0 error(s), 1 left on base; Gainesville 5 - New Hampshire 5 |
TOP OF THE 6TH |
Gainesville Guidos batting - Pitching for New Hampshire Fisher Cats : LHP Kent Robinson
|
Batting: LHB David Murphy
|
0-0: Hit by Pitch
|
Batting: LHB António Hernández
|
0-0: SINGLE (Flyball, 89S) David Murphy to second Runner from 2nd tries for 3rd, SAFE, no throw or cutoff
|
Batting: RHB Iván Moreno
|
0-0: Ball 1-0: Ball 2-0: Called Strike 2-1: Ball 3-1: Base on Balls António Hernández to second
|
Batting: RHB Noriyori Ine
|
0-0: Called Strike 0-1: Grounds into double play, 6-4-3 (Groundball, 6) David Murphy scores António Hernández to third
|
Batting: RHB Victor Andrews
|
0-0: Swinging Strike 0-1: Foul Ball, location: 2F 0-2: Strikes out swinging
|
Top of the 6th over - 1 run(s), 1 hit(s), 0 error(s), 1 left on base; Gainesville 6 - New Hampshire 5 |
BOTTOM OF THE 6TH |
New Hampshire Fisher Cats batting - Pitching for Gainesville Guidos : LHP Mike Scott
|
Batting: RHB Phil Matthews
|
0-0: Ball 1-0: Called Strike 1-1: Foul Ball, location: 2F 1-2: Strikes out swinging
|
Batting: RHB Billy Campbell
|
0-0: Foul Ball, location: 2F 0-1: Ball 1-1: Ball 2-1: Ball 3-1: Base on Balls
|
Batting: RHB José Hernández
|
0-0: Ball 1-0: Ball 2-0: Ball 3-0: Called Strike 3-1: Base on Balls Billy Campbell to second
|
Batting: RHB Tony Reyes
|
0-0: Fly out, F7 (Flyball, 7M)
|
Batting: RHB Matt Silver
|
0-0: Called Strike 0-1: DOUBLE (Line Drive, 7LS) Billy Campbell scores José Hernández to third Runner from 3rd tries for Home, SAFE, no throw or cutoff
|
Batting: RHB Anthony Hezell
|
0-0: Ball 1-0: Foul Ball, location: 2F 1-1: Foul Ball, location: 2F 1-2: Ground out 5-3 (Groundball, 5S)
|
Bottom of the 6th over - 2 run(s), 1 hit(s), 0 error(s), 1 left on base; Gainesville 6 - New Hampshire 7 |
TOP OF THE 7TH |
Gainesville Guidos batting - Pitching for New Hampshire Fisher Cats : LHP Kent Robinson
|
Pitching: RHP Grady Connolly
|
|
Batting: RHB Satoru Daikawa
|
0-0: Ball 1-0: Called Strike 1-1: Foul Ball, location: 2F 1-2: Foul Ball, location: 2F 1-2: Foul Ball, location: 2F 1-2: Fly out, F9 (Popup, 9LS)
|
Batting: LHB Ed Hart
|
0-0: Swinging Strike 0-1: Ball 1-1: Called Strike 1-2: Ball 2-2: Ball 3-2: Strikes out swinging
|
Batting: RHB Jason Saunders
|
0-0: Ball 1-0: Ball 2-0: Called Strike 2-1: Swinging Strike 2-2: Strikes out swinging
|
Top of the 7th over - 0 run(s), 0 hit(s), 0 error(s), 0 left on base; Gainesville 6 - New Hampshire 7 |
BOTTOM OF THE 7TH |
New Hampshire Fisher Cats batting - Pitching for Gainesville Guidos : LHP Mike Scott
|
Batting: LHB Sam Barnes
|
0-0: Called Strike 0-1: Foul Ball, location: 2F 0-2: Ball 1-2: Strikes out swinging
|
Batting: RHB Lu-fang Huie
|
0-0: Ball 1-0: Foul Ball, location: 2F 1-1: Called Strike 1-2: Ball 2-2: Fly out, F9 (Flyball, 89S)
|
Batting: RHB Keith Ford
|
0-0: Ball 1-0: Ball 2-0: Foul Ball, location: 2F 2-1: Fly out, F9 (Flyball, 34D)
|
Bottom of the 7th over - 0 run(s), 0 hit(s), 0 error(s), 0 left on base; Gainesville 6 - New Hampshire 7 |
TOP OF THE 8TH |
Gainesville Guidos batting - Pitching for New Hampshire Fisher Cats : RHP Grady Connolly
|
Pitching: LHP Juan Arce
|
|
Batting: LHB António Cedeño
|
0-0: Foul Ball, location: 2F 0-1: Ground out 4-3 (Groundball, 4)
|
Batting: LHB David Murphy
|
0-0: Called Strike 0-1: Ball 1-1: Foul Ball, location: 2F 1-2: Foul Ball, location: 2F 1-2: Ball 2-2: Strikes out swinging
|
Batting: LHB António Hernández
|
0-0: Ball 1-0: SINGLE (Flyball, 8RS)
|
Pitching: RHP Ernesto Rivera
|
|
Pinch Hitting: RHB Adrian Prouse
|
0-0: Foul Ball, location: 2F 0-1: Foul Ball, location: 2F 0-2: Ball 1-2: Ball 2-2: Ball 3-2: 2-RUN HOME RUN (Flyball, 7D), Distance : 392 ft
|
Batting: RHB Noriyori Ine
|
0-0: Called Strike 0-1: Ball 1-1: Called Strike 1-2: Ball 2-2: Foul Ball, location: 2F 2-2: Ball 3-2: Foul Ball, location: 2F 3-2: Foul Ball, location: 2F 3-2: Base on Balls
|
Batting: RHB Victor Andrews
|
0-0: Ball 1-0: Ball 2-0: Fly out, F8 (Flyball, 8RD)
|
Top of the 8th over - 2 run(s), 2 hit(s), 0 error(s), 1 left on base; Gainesville 8 - New Hampshire 7 |
BOTTOM OF THE 8TH |
New Hampshire Fisher Cats batting - Pitching for Gainesville Guidos : LHP Mike Scott
|
Pitching: RHP Juan Patino
|
|
Now at 2B: José Ortega
|
|
Batting: RHB Phil Matthews
|
0-0: Called Strike 0-1: Ground out 6-3 (Groundball, 6M)
|
Batting: RHB Billy Campbell
|
0-0: Called Strike 0-1: Ground out 6-3 (Groundball, 6)
|
Batting: RHB José Hernández
|
0-0: Foul Ball, location: 2F 0-1: SOLO HOME RUN (Flyball, 7D), Distance : 416 ft
|
Batting: RHB Tony Reyes
|
0-0: Called Strike 0-1: Ball 1-1: Ground out 6-3 (Groundball, 6M)
|
Bottom of the 8th over - 1 run(s), 1 hit(s), 0 error(s), 0 left on base; Gainesville 8 - New Hampshire 8 |
TOP OF THE 9TH |
Gainesville Guidos batting - Pitching for New Hampshire Fisher Cats : RHP Ernesto Rivera
|
Pitching: LHP Carlos Berru
|
|
Batting: RHB Satoru Daikawa
|
0-0: Ball 1-0: Foul Ball, location: 2F 1-1: Called Strike 1-2: Ground out 6-3 (Groundball, 6M)
|
Pinch Hitting: RHB José Fernández
|
0-0: Called Strike 0-1: Foul Ball, location: 2F 0-2: Foul Ball, location: 2F 0-2: Ball 1-2: Ball 2-2: Foul Ball, location: 2F 2-2: Strikes out looking
|
Batting: RHB Jason Saunders
|
0-0: Ball 1-0: Foul Ball, location: 2F 1-1: Called Strike 1-2: Strikes out swinging
|
Top of the 9th over - 0 run(s), 0 hit(s), 0 error(s), 0 left on base; Gainesville 8 - New Hampshire 8 |
BOTTOM OF THE 9TH |
New Hampshire Fisher Cats batting - Pitching for Gainesville Guidos : RHP Juan Patino
|
Now at 3B: Fernando Mendoza
|
|
Pinch Hitting: LHB Gustavo Lozano
|
0-0: Foul Ball, location: 2F 0-1: Swinging Strike 0-2: Ball 1-2: Ball 2-2: Ball 3-2: Fly out, F8 (Flyball, 8RM)
|
Batting: RHB Anthony Hezell
|
0-0: Foul Ball, location: 2F 0-1: Fly out, F8 (Line Drive, 8LXD)
|
Batting: LHB Sam Barnes
|
0-0: Ball 1-0: Ball 2-0: Called Strike 2-1: Foul Ball, location: 2F 2-2: Foul Ball, location: 2F 2-2: Strikes out swinging
|
Bottom of the 9th over - 0 run(s), 0 hit(s), 0 error(s), 0 left on base; Gainesville 8 - New Hampshire 8 |
TOP OF THE 10TH |
Gainesville Guidos batting - Pitching for New Hampshire Fisher Cats : LHP Carlos Berru
|
Now at SS: Scott Briggs
|
|
Pinch Hitting: RHB Kurt Walter
|
0-0: Fly out, F7 (Flyball, 78D)
|
Batting: LHB David Murphy
|
0-0: Fly out, F4 (Line Drive, 4)
|
Pinch Hitting: RHB Jason Erickson
|
0-0: Fly out, F8 (Flyball, 8RM)
|
Top of the 10th over - 0 run(s), 0 hit(s), 0 error(s), 0 left on base; Gainesville 8 - New Hampshire 8 |
BOTTOM OF THE 10TH |
New Hampshire Fisher Cats batting - Pitching for Gainesville Guidos : RHP Juan Patino
|
Now at 1B: Jason Erickson
|
|
Now in LF: Kurt Walter
|
|
Batting: RHB Lu-fang Huie
|
0-0: Ball 1-0: Ground out 5-3 (Groundball, 5S)
|
Batting: RHB Keith Ford
|
0-0: Swinging Strike 0-1: Called Strike 0-2: Ball 1-2: Ball 2-2: Ball 3-2: Fly out, F5 (Line Drive, 56S)
|
Batting: RHB Phil Matthews
|
0-0: Called Strike 0-1: Ball 1-1: Foul Ball, location: 2F 1-2: Strikes out swinging
|
Bottom of the 10th over - 0 run(s), 0 hit(s), 0 error(s), 0 left on base; Gainesville 8 - New Hampshire 8 |
TOP OF THE 11TH |
Gainesville Guidos batting - Pitching for New Hampshire Fisher Cats : LHP Carlos Berru
|
Pitching: RHP Joe Utter
|
|
Pinch Hitting: LHB Marcos Villarreal
|
0-0: Ball 1-0: Foul Ball, location: 2F 1-1: Ball 2-1: Swinging Strike 2-2: Ball 3-2: Foul Ball, location: 2F 3-2: DOUBLE (Flyball, 9LD)
|
Batting: RHB Noriyori Ine
|
0-0: Called Strike 0-1: Ball 1-1: Foul Ball, location: 2F 1-2: Ball 2-2: Foul Ball, location: 2F 2-2: Ball 3-2: Base on Balls
|
Batting: RHB Victor Andrews
|
0-0: Bunt - Flyout! F1
|
Batting: RHB Satoru Daikawa
|
0-0: Fly out, F4 (Popup, 4)
|
Pinch Hitting: LHB Mark Owens
|
0-0: Ball 1-0: Swinging Strike 1-1: Swinging Strike 1-2: Strikes out looking
|
Top of the 11th over - 0 run(s), 1 hit(s), 0 error(s), 2 left on base; Gainesville 8 - New Hampshire 8 |
|